Map: Prion Terraces

Players

ILLBdA - Winner!

  • Race: Protoss Protoss
  • League: Diamond

Mute

  • Race: Zerg Zerg
  • League: Diamond

VOD

Have the link to the VOD?

Description

Time

  • Played on: Dec. 30, 2015, 6:55 a.m.
  • Length: 3:25
Show
View Real Time Build Order
Export as new Build Order

ILLBdA Protoss - Winner!

Build Orders:  

Get SALT Encoding   

  12  0:01  Probe (Chrono Boost)  
  13  0:11  Probe (Chrono Boost)  
  14  0:22  Probe (Chrono Boost)  
  15  0:37  Pylon  
  15  0:57  Gateway  
  15  0:58  Gateway  
  15  1:01  Gateway  
  15  1:09  Gateway  
  15  1:20  Pylon  
  19  1:48  Zealot x2 (Chrono Boost)  
  19  1:50  Zealot (Chrono Boost)  
  21  1:57  Zealot (Chrono Boost)  
  27  2:16  Zealot x2 (Chrono Boost)  
  27  2:22  Pylon  
  27  2:26  Zealot (Chrono Boost)  
  27  2:29  Zealot (Chrono Boost)  
  31  2:32  Pylon  
  31  2:45  Zealot (Chrono Boost)  
  31  2:47  Pylon  
  32  2:59  Zealot (Chrono Boost)  
Show
View Real Time Build Order
Export as new Build Order

Mute Zerg 

Build Orders: Hatch First 

Get SALT Encoding   

  12  0:02  Drone  
  13  0:13  Overlord  
  13  0:19  Drone  
  14  0:33  Drone  
  14  0:34  Drone  
  14  0:35  Drone  
  17  0:47  Drone  
  18  1:01  Hatchery, Drone  
  18  1:04  Extractor  
  17  1:17  Drone, Spawning Pool  
  17  1:23  Drone  
  18  1:29  Overlord  
  18  2:03  Queen  
  18  2:05  Zergling x6  
  23  2:13  Queen  
  25  2:26  Zergling x2  
  25  2:27  Zergling x4  
  25  2:29  Zergling x2  
  27  2:35  Zergling x2  
  24  2:39  Zergling x2  
  25  2:46  Zergling x2  
  26  2:52  Zergling x2  
  26  2:58  Zergling x2  
Tags
 
Matchup
PvZ
Replay Pack
me
Add a new tag
Caveats
  • Supply blocks, unpowered buildings, or Contaminate may cause inaccurate times.
  • Supply counts are checked every 10 seconds.